 Dungeon Crawl Stone Soup version 0.21-a0-71-g5e5ddd2 (webtiles) character file.

9184 Ijustatesigmund the Fighter (level 11, -3/80 HPs)
             Began as an Octopode Artificer on June 19, 2017.
             Was a Priest of Okawaru.
             Slain by a hippogriff (9 damage)
             ... on level 11 of the Dungeon.
             The game lasted 00:28:27 (10811 turns).

Ijustatesigmund the Fighter (Octopode Artificer)   Turns: 10811, Time: 00:28:27

Health: -3/80      AC:  1    Str: 14    XL:     11   Next: 42%
Magic:  15/15      EV: 15    Int: 13    God:    Okawaru [***...]
Gold:   533        SH:  0    Dex: 16    Spells: 10/10 levels left

rFire    + . .     SeeInvis .   a - +3 short sword (pierce)
rCold    . . .     Gourm    .   (no shield)
rNeg     . . .     Faith    .   (helmet restricted)
rPois    +         Spirit   .   B - amulet of rage
rElec    .         Reflect  .   v - ring of poison resistance
rCorr    .         Harm     .   h - ring of protection from fire
MR       .....                  (no ring)
Stlth    +++++.....             (no ring)
HPRegen  0.23/turn              (no ring)
MPRegen  0.14/turn              (no ring)
                                (no ring)
                                (no ring)

@: no status effects
A: almost no armour, stealthy swim, amphibious, 8 rings, constrict 8, camouflage
1, mutation resistance 1, strong 1, gelatinous body 1
a: Heroism, Renounce Religion, Evoke Berserk Rage


You were on level 11 of the Dungeon.
You worshipped Okawaru.
Okawaru was most pleased with you.
You were not hungry.

You visited 2 branches of the dungeon, and saw 12 of its levels.

You collected 623 gold pieces.
You spent 90 gold pieces at shops.

Inventory:

Hand Weapons
 a - a +3 short sword of piercing (weapon)
 m - a +0 blowgun
 D - a +3 scimitar of flaming
 F - the +9 hunting sling of Ritynt {flame, rN+ Str+7}
   (You found it on level 8 of the Dungeon)

   It causes projectiles fired from it to burn those they strike, causing extra
   injury to most foes and up to half again as much damage against particularly
   susceptible opponents.
   It affects your strength (+7).
   It protects you from negative energy.
Missiles
 E - 77 poisoned needles
 J - 32 sling bullets
Armour
 j - a +0 large shield
Jewellery
 h - a ring of protection from fire (right tentacle)
 v - a ring of poison resistance (left tentacle)
 B - an amulet of rage (around mantle)
Wands
 b - a wand of flame (12/48)
 c - a wand of enslavement (6/24)
 d - a wand of random effects (13/48)
 e - a wand of acid (9/15)
 l - a wand of iceblast (8/15)
 t - a wand of polymorph (15/24)
 x - a wand of digging (4/24)
 z - a wand of iceblast (6/15)
 A - a wand of iceblast (7/15)
Scrolls
 r - 2 scrolls of teleportation
 u - 3 scrolls of remove curse
 w - 2 scrolls of amnesia
 y - a scroll of blinking
 G - 2 scrolls of identify
 H - 2 scrolls of immolation
 I - a scroll of recharging
 K - a scroll of fog {unknown}
Potions
 g - a potion of magic
 i - 3 potions of brilliance
 n - a potion of ambrosia
 o - a potion of flight
 q - a potion of haste
 s - a potion of cancellation
 C - 2 potions of curing
Comestibles
 f - 13 bread rations
 k - 25 fruits
 p - 3 meat rations


   Skills:
 + Level 9.0 Fighting
 - Level 8.5 Short Blades
 - Level 8.5 Slings
 - Level 4.0 Dodging
 - Level 8.6 Stealth
 - Level 4.0 Invocations
 - Level 6.1 Evocations


You had 10 spell levels left.
You didn't know any spells.

Dungeon Overview and Level Annotations

Branches:
Dungeon (11/15)            Temple (1/1) D:7
   Lair: D:8-11         Orc: D:9-12

Altars:
Ashenzari
Cheibriados
Dithmenos
Elyvilon
Fedhas
Gozag
Hepliaklqana
Kikubaaqudgha
Makhleb
Nemelex Xobeh
Okawaru
Qazlal
Ru
Sif Muna
Trog
Uskayaw
Vehumet
Wu Jian
Xom
Yredelemnul
Zin
The Shining One

Shops:
D:6 *   D:9 *

Annotations:
D:6 exclusion: oklob plant
D:9 minicreteconcrete's ghost, novice FeTm
D:10 Urug


Innate Abilities, Weirdness & Mutations

You cannot wear most types of armour.
You are very stealthy in the water. (Stealth+)
You are amphibious.
You can wear up to eight rings at the same time.
You can use your tentacles to constrict eight enemies at once.
Your skin changes colour to match your surroundings (Stealth+).
Your rubbery body absorbs attacks. (AC +1, EV +1)
You are somewhat resistant to further mutation.
Your muscles are strong. (Str +2)


Message History

The two-headed ogre closely misses you.
You barely miss the two-headed ogre. You squeeze the two-headed ogre.
The two-headed ogre is almost dead.
You barely miss the two-headed ogre.
The two-headed ogre is almost dead.
The two-headed ogre hits you with a giant spiked club!
* * * LOW HITPOINT WARNING * * *
The two-headed ogre barely misses you.
You hit the two-headed ogre.
You kill the two-headed ogre!
Okawaru accepts your kill. Something appears before you!
Okawaru grants you a gift!
Your Fighting skill increases to level 9!
You puncture the hippogriff!
The hippogriff is moderately wounded.
The hippogriff bites you!
* * * LOW HITPOINT WARNING * * *
The hippogriff pecks you!
You die...

# .# #.#
#####.#### #.#
....)..... ..#
........# #.#
†.......# #.#
........# #.#
........# #H#
........########@#
.....†...........#
........########.#
........# #.#
........# #.#
[.......# #.#
.<......########.#
.................#
##################


You could see a hippogriff.

Vanquished Creatures
  A hydra (D:7)
  Erica (D:10)
  A two-headed ogre (D:11)
  A kobold demonologist (D:6)
  A tengu conjurer (D:10)
  A troll (D:11)
  2 hippogriffs
  Sigmund (D:3)
  A wraith (D:10)
  A yak (D:10)
  Grum (D:10)
  2 hungry ghosts
  Menkaure (D:5)
  Edmund (D:5)
  2 orc warriors
  2 water moccasins
  An ice beast (D:10)
  2 sky beasts
  A necrophage (Temple)
  3 ogres
  A phantom (D:8)
  3 wolves (D:10)
  6 centaurs
  8 big kobolds
  Blork the orc (D:5)
  A wyvern zombie (D:10)
  7 bullfrogs
  A scorpion (D:4)
  2 wyvern skeletons
  A water moccasin skeleton (D:9)
  9 killer bees (D:10)
  3 howler monkeys
  5 crimson imps
  6 hounds
  2 jellies
  5 orc wizards
  3 centaur zombies
  An orc priest (D:6)
  Crazy Yiuf (D:3)
  A bullfrog skeleton (D:5)
  3 iguanas
  Ijyb (D:3)
  10 worker ants
  2 killer bee zombies
  2 hound zombies
  3 hound skeletons
  A howler monkey zombie (D:9)
  2 worker ant zombies
  2 gnolls (D:3)
  8 adders
  A howler monkey skeleton (D:7)
  3 shadow imps
  3 adder zombies
  3 adder skeletons
  4 worms
  3 dart slugs
  6 leopard geckos
  21 orcs
  2 ball pythons
  9 bats
  2 giant cockroaches (D:3)
  9 goblins
  11 hobgoblins
  11 jackals
  3 quokkas
  5 frilled lizards
  A jackal skeleton (D:5)
  A jackal zombie (D:7)
  39 kobolds
  A quokka skeleton (D:8)
  6 rats
272 creatures vanquished.

Vanquished Creatures (collateral kills)
  An orc priest (D:10)
  A gnoll (D:3)
  2 orcs
4 creatures vanquished.

Vanquished Creatures (others)
  An orc wizard (D:10)
  A gnoll (D:3)
  An orc (D:4)
3 creatures vanquished.

Grand Total: 279 creatures vanquished

Notes
Turn   | Place    | Note
-------+----------+-------------------------------------------
     0 | D:1      | Ijustatesigmund the Octopode Artificer began the quest for the Orb.
     0 | D:1      | Reached XP level 1. HP: 13/13 MP: 3/3
   283 | D:1      | Reached XP level 2. HP: 17/18 MP: 4/4
   414 | D:1      | Reached skill level 2 in Fighting
   674 | D:1      | Reached XP level 3. HP: 14/24 MP: 5/5
  1042 | D:2      | Found a shimmering altar of Xom.
  1042 | D:2      | Found a hazy altar of Hepliaklqana.
  1043 | D:2      | Found a burning altar of Makhleb.
  1043 | D:2      | Found a hide-covered altar of Uskayaw.
  1044 | D:2      | Found a basalt altar of Yredelemnul.
  1044 | D:2      | Found a glowing golden altar of the Shining One.
  1192 | D:2      | Reached XP level 4. HP: 22/30 MP: 6/6
  1839 | D:3      | Reached skill level 3 in Fighting
  2064 | D:3      | Found a runed door.
  2069 | D:3      | Noticed Crazy Yiuf
  2077 | D:3      | Killed Crazy Yiuf
  2077 | D:3      | Reached XP level 5. HP: 36/36 MP: 7/7
  2147 | D:3      | Found a sacrificial altar of Ru.
  2283 | D:3      | Noticed Sigmund
  2294 | D:3      | Killed Sigmund
  2294 | D:3      | Reached skill level 4 in Fighting
  2294 | D:3      | Reached XP level 6. HP: 30/44 MP: 8/8
  2681 | D:3      | Noticed Ijyb
  2692 | D:3      | Killed Ijyb
  3107 | D:4      | Gained mutation: Your muscles are strong. (Str +2) [potion of mutation]
  3107 | D:4      | Gained mutation: You are somewhat resistant to further mutation. [potion of mutation]
  3258 | D:4      | Reached XP level 7. HP: 40/49 MP: 9/9
  3534 | D:4      | Reached skill level 5 in Short Blades
  3686 | D:5      | Entered Level 5 of the Dungeon
  3719 | D:5      | Reached skill level 5 in Fighting
  4030 | D:5      | Noticed Edmund
  4045 | D:5      | Killed Edmund
  4045 | D:5      | Reached XP level 8. HP: 35/55 MP: 10/10
  4222 | D:5      | Noticed Blork the orc
  4238 | D:5      | Killed Blork the orc
  4283 | D:5      | Noticed Menkaure
  4286 | D:5      | Killed Menkaure
  4286 | D:5      | Reached skill level 5 in Stealth
  4697 | D:6      | Reached skill level 6 in Fighting
  4878 | D:6      | Noticed a kobold demonologist
  4911 | D:6      | Killed a kobold demonologist
  4911 | D:6      | Reached XP level 9. HP: 51/63 MP: 12/12
  4929 | D:6      | Reached skill level 5 in Evocations
  5269 | D:6      | Found Pilest's Assorted Antiques.
  5286 | D:6      | Bought a murky pink potion for 30 gold pieces
  5521 | D:6      | Found a white marble altar of Elyvilon.
  5521 | D:6      | Noticed an oklob plant
  5595 | D:6      | Reached skill level 7 in Fighting
  5979 | D:7      | Found a staircase to the Ecumenical Temple.
  6029 | Temple   | Entered the Ecumenical Temple
  6414 | Temple   | Became a worshipper of Warmaster Okawaru
  6523 | D:7      | Noticed a four-headed hydra
  6526 | D:7      | Killed a four-headed hydra
  6526 | D:7      | Reached XP level 10. HP: 42/72 MP: 14/14
  6941 | D:7      | Found an ancient bone altar of Kikubaaqudgha.
  7115 | D:8      | Reached * piety under Okawaru
  7115 | D:8      | Reached skill level 8 in Fighting
  7710 | D:8      | Got a jewelled hunting sling
  7711 | D:8      | Identified the +9 hunting sling of Ritynt {flame, rN+ Str+7} (You found it on level 8 of the Dungeon)
  7815 | D:9      | Found Routs's General Store.
  7826 | D:9      | Reached skill level 1 in Slings
  7852 | D:9      | Bought a scroll of identify for 30 gold pieces
  7852 | D:9      | Bought a scroll of identify for 30 gold pieces
  7881 | D:9      | Noticed minicreteconcrete's ghost (novice FeTm)
  7910 | D:9      | HP: 1/72 [minicreteconcrete's ghost (24)]
  8704 | D:9      | Reached ** piety under Okawaru
  8924 | D:10     | Entered Level 10 of the Dungeon
  9143 | D:10     | Reached skill level 5 in Slings
  9144 | D:10     | Noticed Grum
  9161 | D:10     | Killed Grum
  9219 | D:10     | Noticed Erica
  9229 | D:10     | Killed Erica
  9229 | D:10     | Reached *** piety under Okawaru
  9229 | D:10     | Reached XP level 11. HP: 29/77 MP: 15/15
  9557 | D:10     | Noticed Urug
  9575 | D:10     | HP: 1/77 [Urug/javelin (11)]
 10024 | D:10     | Received a gift from Okawaru
 10792 | D:11     | Noticed a two-headed ogre
 10810 | D:11     | Killed a two-headed ogre
 10810 | D:11     | Received a gift from Okawaru
 10810 | D:11     | Reached skill level 9 in Fighting
 10811 | D:11     | Slain by a hippogriff

Vault maps used:
D:1:      minmay_arrival_stone_box
D:2:      grunt_temple_overflow_open
D:3:      nicolae_ru_awakened_eye, uniq_sigmund, uniq_ijyb,
          uniq_crazy_yiuf_cottage
D:4:      first_bread
D:5:      uniq_edmund, uniq_blork_the_orc, uniq_menkaure
D:6:      serial_shops, nicolae_shop_waterfront, st_stairs_4,
          hangedman_decor_riveting, lemuel_oklob_altar
D:7:      old_standard_altar, minmay_temple_entry_statues_pillars
D:9:      serial_shops, shop
D:10:     grunt_tengu_nest, uniq_grum, uniq_erica, uniq_urug
D:11:     erik_lair_island, david_orc_4, serial_shops, kennysheep_mini_moat
Temple:   regret_index_temple_generic_petals

Skill      XL: |  1  2  3  4  5  6  7  8  9 10 11 |
---------------+----------------------------------+-----
Fighting       | 2 3 4 5 6 7 8 9 |  9.0
Short Blades   | 2 3 4 5 6 8 |  8.5
Stealth        | 2 4 7 8 |  8.6
Dodging        | 3 4 |  4.0
Evocations     | 4 6 |  6.1
Invocations    | 2 4 |  4.0
Slings         | 7 8 |  8.5

Action                   |  1- 3 |  4- 6 |  7- 9 | 10-12 || total
-------------------------+-------+-------+-------+-------++-------
Melee: Short sword       |    74 |   101 |   267 |   345 ||   787
       Constrict         |    18 |    29 |    36 |    50 ||   133
       Tentacles         |    14 |    24 |    64 |    80 ||   182
 Fire: Hunting sling     |       |       |       |    30 ||    30
Invok: Heroism           |       |       |       |     1 ||     1
Evoke: Wand              |       |     1 |     9 |     9 ||    19
  Use: Scroll            |     7 |     2 |     7 |     7 ||    23
       Potion            |       |     7 |     4 |     5 ||    16
 Stab: Sleeping          |     9 |     3 |    22 |    11 ||    45
       Invisible         |       |     1 |       |       ||     1
       Distracted        |       |     1 |       |     2 ||     3
  Eat: Chunk             |     1 |     6 |     8 |     2 ||    17
       Royal jelly       |       |       |     1 |     1 ||     2
       Fruit             |       |       |       |     3 ||     3
       Meat ration       |       |       |       |     2 ||     2
Armor: Skin              |     5 |     5 |    10 |     7 ||    27
Dodge: Dodged            |    30 |    49 |   126 |   179 ||   384
